 Dungeon Crawl Stone Soup version 0.25-a0-571-gb5e01bddfa (webtiles) character file.

Game seed: 12186135149369303849, levelgen mode: deterministic

7874 Gargoyl the Cleaver (level 11, -4/91 HPs)
             Began as a Centaur Abyssal Knight on Feb 29, 2020.
             Was a Priest of Lugonu.
             Hit by a large rock thrown by a cyclops (32 damage)
             ... on level 11 of the Dungeon.
             The game lasted 00:20:02 (13076 turns).

Gargoyl the Cleaver (Centaur Abyssal Knight)       Turns: 13076, Time: 00:20:03

Health: -4/91      AC: 16    Str: 25    XL:     11   Next: 2%
Magic:  12/16      EV:  6    Int: 11    God:    Lugonu [***...]
Gold:   565        SH:  3    Dex: 14    Spells: 10/10 levels left

rFire    . . .     SeeInvis .   D - +4 rapier "Comitiul" {speed, *Corrode rPois Str+7 Dex+3}
rCold    . . .     Gourm    .   B - +0 buckler
rNeg     . . .     Faith    .   j - +0 plate armour
rPois    +         Spirit   .   e - +0 helmet
rElec    .         Reflect  .   s - +1 cloak
rCorr    .         Harm     .   r - +0 pair of gloves
MR       +....                  (no barding)
Stlth    ..........             t - amulet of regeneration
HPRegen  0.65/turn              d - ring of protection from magic
MPRegen  0.15/turn              (no ring)

@: brilliant, about to teleport, very quick
A: large, hooves 3, blink, deformed body, speed 2, strong 1, tough skin 3
a: Blink, Depart the Abyss, Bend Space, Banish, Renounce Religion


You were on level 11 of the Dungeon.
You worshipped Lugonu.
Lugonu was most pleased with you.
You were not hungry.

You visited 1 branch of the dungeon, and saw 11 of its levels.
You visited the Abyss 2 times.

You collected 656 gold pieces.
You spent 91 gold pieces at shops.

Inventory:

Hand Weapons
 a - a +1 hand axe
 p - a +0 broad axe
 D - the +4 rapier "Comitiul" (weapon) {speed, *Corrode rPois Str+7 Dex+3}
   (You found it on level 11 of the Dungeon)

   Attacks with this weapon are significantly faster.
   It affects your strength (+7).
   It affects your dexterity (+3).
   It protects you from poison.
   It may corrode you when you take damage.
Missiles
 i - 11 boomerangs
 z - 10 javelins (quivered)
Armour
 e - a +0 helmet (worn)
 j - a +0 plate armour (worn)
 r - a +0 pair of gloves (worn)
 s - a +1 cloak (worn)
 y - a scarf of cloud immunity
 B - a +0 buckler (worn)
 E - a +1 cloak of poison resistance
Jewellery
 d - a ring of protection from magic (left hand)
 t - an amulet of regeneration (around neck)
Wands
 l - a wand of iceblast (6)
 o - a wand of paralysis (14)
 q - a wand of flame (21)
 v - a wand of disintegration (6)
 w - a wand of random effects (20)
 x - a wand of acid (11)
Scrolls
 g - 7 scrolls of remove curse
 k - a scroll of teleportation
 n - 5 scrolls of identify
 A - a scroll of magic mapping
Potions
 b - a potion of haste
 f - a potion of cancellation
 h - a potion of flight
 m - a potion of mutation
 u - 6 potions of curing
Comestibles
 c - 23 rations


   Skills:
 + Level 6.5 Fighting
 + Level 8.6 Axes
 + Level 1.5 Throwing
 * Level 7.3 Armour
 * Level 4.9 Dodging
 + Level 0.1 Shields
 * Level 7.3 Invocations


You had 10 spell levels left.
You didn't know any spells.
Your spell library contained the following spells:

 Spells                   Type           Power        Failure   Level  Hunger
 Magic Dart               Conj           #...         100%        1    None
 Sandblast                Erth           #.....       100%        1    None
 Passwall                 Tmut/Erth      #.......     100%        2    None
 Searing Ray              Conj           #.....       100%        2    None
 Dazzling Flash           Conj/Hex       #.....       100%        3    None
 Stone Arrow              Conj/Erth      #.....       100%        3    None
 Fulminant Prism          Conj/Hex       #.........   100%        4    None
 Iskenderun's Mystic Bla  Conj/Tloc      #.......     100%        4    None
 Petrify                  Tmut/Erth      #.......     100%        4    None
 Lee's Rapid Deconstruct  Erth           #.........   100%        5    None


Dungeon Overview and Level Annotations

Branches:
Dungeon (11/15)            Temple (0/1) D:4            Lair (0/6) D:10
    Orc: D:9-12

Altars:
Kikubaaqudgha
The Shining One

Shops:
D:7 [

Portals:
Abyss: D:11

Annotations:
D:11 2 transporters, Pivyohy's ghost, journeyman VSSk


Innate Abilities, Weirdness & Mutations

You have hooves in place of feet.
Armour fits poorly on your strangely shaped body.
You cover ground very quickly.
You have extremely tough skin. (AC +3)
You can translocate small distances at will.
Your muscles are strong. (Str +2)


Message History

This is a scroll of acquirement!
Something appears before you!
E - a +1 cloak of poison resistance It was a potion of brilliance.
You feel clever all of a sudden.
You start resting.
A ynoxinul comes into view.
You pass through the gate.
Welcome back to the Dungeon!
Level annotation: 2 transporters, Pivyohy's ghost, journeyman VSSk The troll bites you but does no damage.
The troll claws you but does no damage. x2
The cyclops throws a large rock.
The large rock hits you but does no damage.
The troll bites you but does no damage. The troll claws you.
The troll claws you!
You see here 2 large rocks.
As you read the scroll of teleportation, it crumbles to dust.
You feel strangely unstable.
The cyclops throws a large rock.
The large rock hits you!!
You die...

#.# #...#.....#.... #.#
#...#.....#.... ......#.#
#...#.....#....
......#.####...#.....#....
#....#........+.....#....
##....###......########...
........#......# #.##
....C...#......# #.#
........#@....## #.#
.......C(.T...# +.. #.##
##...##.#.C...# #.###...
#. #.#####+# #.#..... ...
#.#..... #... ####.#.....
#.... #....#.#### #....
#....#.# #..... #....#.#


You could see 2 cyclopes and a troll.

Vanquished Creatures
  A troll (D:10)
  2 hippogriffs
  6 yaks
  Eustachio (D:6)
  2 wraiths
  A wyvern (D:10)
  Edmund (D:4)
  2 wargs (D:10)
  A water moccasin (D:8)
  4 orc warriors
  2 sky beasts
  3 black bears
  3 ogres
  An ice beast (D:10)
  2 phantoms
  6 centaurs
  A big kobold (shapeshifter) (D:7)
  2 big kobolds (D:9)
  Blork the orc (D:6)
  A bullfrog (D:8)
  2 scorpions
  3 wights (D:10)
  5 killer bees (D:8)
  2 howler monkeys (D:7)
  A bullfrog zombie (D:5)
  2 crimson imps
  A bullfrog skeleton (D:5)
  6 hounds
  Crazy Yiuf (D:4)
  15 orc priests
  5 jellies
  2 iguanas
  13 orc wizards
  5 worker ants
  3 killer bee zombies
  A hound skeleton (D:4)
  A worker ant zombie (D:7)
  A howler monkey skeleton (D:7)
  9 adders
  5 shadow imps
  2 adder zombies
  4 adder skeletons
  2 worms
  6 dart slugs
  10 leopard geckos
  39 orcs
  7 giant cockroaches
  14 goblins
  9 hobgoblins
  6 jackals (D:2)
  17 kobolds
  2 quokkas
  A ball python (D:2)
  12 bats
  5 frilled lizards
  A leopard gecko skeleton (D:5)
  A leopard gecko zombie (D:7)
  5 rats
269 creatures vanquished.

Vanquished Creatures (others)
  A two-headed ogre (D:8)
  An unseen horror (D:11)
  An orc warrior (D:9)
  A crimson imp (D:5)
4 creatures vanquished.

Grand Total: 273 creatures vanquished

Notes
Turn   | Place    | Note
-------+----------+-------------------------------------------
     0 | Abyss:1  | Gargoyl the Centaur Abyssal Knight began the quest for the
                  | Orb.
     0 | Abyss:1  | Reached XP level 1. HP: 19/19 MP: 2/2
    54 | Abyss:1  | Noticed a small abomination
    63 | Abyss:1  | Noticed a neqoxec
    65 | D:1      | Escaped the Abyss
   174 | D:1      | Reached XP level 2. HP: 24/26 MP: 3/3
   278 | D:1      | Reached * piety under Lugonu
   476 | D:1      | Reached skill level 1 in Dodging
   915 | D:2      | Reached skill level 2 in Axes
   915 | D:2      | Reached XP level 3. HP: 24/31 MP: 4/4
  1071 | D:2      | Noticed a phantom
  1106 | D:2      | Killed a phantom
  1106 | D:2      | Reached XP level 4. HP: 12/40 MP: 4/6
  1261 | D:2      | Reached XP level 5. HP: 30/46 MP: 7/7
  1630 | D:2      | Gained mutation: You can translocate small distances at
                  | will. [potion of mutation]
  1630 | D:2      | Gained mutation: Your muscles are strong. (Str +2) [potion
                  | of mutation]
  1891 | D:2      | Reached ** piety under Lugonu
  2959 | D:3      | Reached skill level 3 in Axes
  2959 | D:3      | Reached XP level 6. HP: 50/52 MP: 8/8
  2961 | D:3      | Reached *** piety under Lugonu
  3235 | D:4      | Found a runed translucent door.
  3236 | D:4      | Noticed Crazy Yiuf
  3424 | D:4      | Noticed Edmund
  3560 | D:4      | Killed Edmund
  3560 | D:4      | Reached skill level 1 in Throwing
  3769 | D:4      | You fall into a shaft and drop 1 floor!
  3769 | D:5      | Entered Level 5 of the Dungeon
  4160 | D:5      | Reached XP level 7. HP: 40/59 MP: 9/9
  4606 | D:4      | Reached skill level 4 in Axes
  4777 | D:4      | Found a staircase to the Ecumenical Temple.
  4938 | D:4      | Killed Crazy Yiuf
  4938 | D:4      | HP: 4/88 [poisoned by Crazy Yiuf]
  4946 | D:4      | HP: 4/88 [poisoned by Crazy Yiuf]
  5820 | D:5      | Found an ancient bone altar of Kikubaaqudgha.
  5901 | D:6      | Reached XP level 8. HP: 65/67 MP: 11/11
  6317 | D:6      | Noticed Blork the orc
  6361 | D:6      | Reached skill level 5 in Axes
  6425 | D:6      | Killed Blork the orc
  6425 | D:6      | Reached **** piety under Lugonu
  6936 | D:6      | Noticed Eustachio
  6958 | D:6      | Killed Eustachio
  6958 | D:6      | Reached skill level 5 in Invocations
  7164 | D:7      | Reached skill level 5 in Fighting
  7397 | D:7      | Noticed a hornet
  7401 | D:7      | Paralysed by a hornet for 1 turns
  7406 | D:7      | a hornet changed into a wyvern
  7514 | D:7      | Reached skill level 5 in Armour
  7531 | D:7      | Reached XP level 9. HP: 47/74 MP: 12/12
  7629 | D:7      | Reached skill level 6 in Axes
  7897 | D:7      | Found Aboizu's Armour Shop.
  7905 | D:7      | Bought a scarf of cloud immunity for 91 gold pieces
  8937 | D:8      | Noticed a two-headed ogre
  8955 | D:8      | Banished a two-headed ogre
  9114 | D:8      | Reached skill level 7 in Axes
  9666 | D:8      | Reached XP level 10. HP: 75/83 MP: 14/14
 10334 | D:9      | Reached ***** piety under Lugonu
 10660 | D:10     | Entered Level 10 of the Dungeon
 10757 | D:10     | Found a glowing golden altar of the Shining One.
 11572 | D:10     | Reached skill level 8 in Axes
 12472 | D:10     | Found a staircase to the Lair.
 12783 | D:11     | Got a steaming rapier
 12826 | D:11     | Banished an unseen horror
 12826 | D:11     | Reached XP level 11. HP: 35/91 MP: 16/16
 12901 | D:11     | Identified the +4 rapier "Comitiul" {speed, *Corrode rPois
                  | Str+7 Dex+3} (You found it on level 11 of the Dungeon)
 12922 | D:11     | Found a one-way gate to the infinite horrors of the Abyss.
 12922 | D:11     | Noticed Pivyohy's ghost (journeyman VSSk)
 12927 | D:11     | Found a transporter.
 12951 | D:11     | Noticed a wizard
 12959 | D:11     | Found a transporter.
 13052 | Abyss:1  | Found a corrupted altar of Lugonu.
 13063 | Abyss:1  | Identified a scroll of acquirement
 13075 | D:11     | Escaped the Abyss
 13076 | D:11     | Hit by a large rock thrown by a cyclops

Levels and vault maps discovered:
D:1:      matt_arrival_spirals, layout_basic, minivault_26, minmay_octomino_c4
D:2:      layout_loops_ring
D:3:      layout_loops_cross
D:4:      layout_loops_corners, minmay_temple_entry_enclosed_plants,
          uniq_crazy_yiuf_cottage, uniq_edmund
D:5:      layout_basic, lemuel_crystal_altar, first_ration
D:6:      layout_basic, uniq_eustachio, uniq_blork_the_orc
D:7:      layout_layer_cave, serial_shops, nicolae_shop_trees,
          minmay_three_doors
D:8:      layout_loops_ring
D:9:      layout_gridville
D:10:     layout_loops_ring, erik_lair_orcish_takeover, basic_altar
D:11:     layout_stronghold, serial_shops, shop_fountains,
          gammafunk_ghost_abyssal_escape, the_bakery,
          chequers_serial_rivers_small_a

Skill      XL: |  1  2  3  4  5  6  7  8  9 10 |
---------------+-------------------------------+-----
Dodging        | 1 2 3 4 |  4.9
Axes           | 2 3 4 5 7 8 |  8.6
Armour         | 2 3 4 5 6 7 |  7.3
Invocations    | 3 4 5 6 7 |  7.3
Fighting       | 4 5 6 |  6.5
Throwing       | 1 |  1.5
Shields        | |  0.1

Action                   |  1- 3 |  4- 6 |  7- 9 | 10-12 || total
-------------------------+-------+-------+-------+-------++-------
Melee: Hand axe          |    79 |   248 |   358 |       ||   685
       Kick              |    17 |    57 |   135 |    89 ||   298
       Broad axe         |       |       |   197 |   297 ||   494
       Rapier            |       |       |       |     7 ||     7
Throw: Boomerang         |    13 |     3 |     9 |     1 ||    26
       Javelin           |       |       |       |     9 ||     9
Invok: Depart the Abyss  |     1 |       |       |     1 ||     2
       Banish            |       |       |     2 |     2 ||     4
       Enter the Abyss   |       |       |       |     1 ||     1
  Use: Potion            |     1 |     1 |     5 |     1 ||     8
       Scroll            |       |     5 |     8 |     4 ||    17
 Stab: Distracted        |       |       |       |     1 ||     1
  Eat: Chunk             |       |     8 |    15 |     7 ||    30
       Ration            |       |       |       |     2 ||     2
Armor: Leather armour    |    13 |       |       |       ||    13
       Plate armour      |    45 |   261 |   452 |   267 ||  1025
       Skin              |       |       |    76 |       ||    76
Dodge: Dodged            |    16 |    39 |   124 |    93 ||   272
Block: Buckler           |       |       |       |     7 ||     7

Table legend:
 A = Non-vault XP
 B = Vault XP
 C = Vault XP percentage of total XP
 D = Non-vault monster count
 E = Vault monster count
 F = Vault count percentage of total count
                 A         B        C        D         E       F
            +---------+---------+-------+---------+---------+-------
      Total |    9835 |    1414 |  12.6 |     253 |      20 |   7.3
            +---------+---------+-------+---------+---------+-------
        D:1 |      26 |      14 |  35.0 |      14 |       6 |  30.0
        D:2 |     220 |       0 |   0.0 |      33 |       0 |   0.0
        D:3 |     141 |       0 |   0.0 |      39 |       0 |   0.0
        D:4 |     137 |     203 |  59.7 |      13 |       2 |  13.3
        D:5 |     682 |       0 |   0.0 |      26 |       0 |   0.0
        D:6 |     737 |     298 |  28.8 |      15 |       2 |  11.8
        D:7 |     797 |     306 |  27.7 |      20 |       2 |   9.1
        D:8 |    2033 |       0 |   0.0 |      26 |       0 |   0.0
        D:9 |    1471 |       0 |   0.0 |      32 |       0 |   0.0
       D:10 |    2985 |     593 |  16.6 |      33 |       8 |  19.5
       D:11 |     606 |       0 |   0.0 |       2 |       0 |   0.0
            +---------+---------+-------+---------+---------+-------
